AoeStats
← and0608

Arena

508722460Analyzed
1v1 RM · 8d ago on Sep 23, 2026· 152m 12s· 2 players
Game mode
Random Map
Map size
Tiny (2 player)
Population
200
Speed
Normal
Resources
Standard
Victory
Conquest
Starting age
Dark Age
Ending age
Imperial Age
RankedLock teamsTeams togetherTeam positionsShared explorationLock speedFull tech treeHidden civsTurbo modeCheats
Victory
Defeat
🇸🇪 Teutons · Sweden
878
+17
🇨🇭 Inca · Switzerland
891
-17
Adamski
10:55 Feudal Age
13:06 Loom
17:14 Castle Age
18:39 Double-Bit Axe
20:22 Horse Collar
25:50 Wheelbarrow
27:29 Hand Cart
28:22 Bloodlines
32:04 Imperial Age
29:39 Town Watch
29:53 Gold Mining
29:55 Stone Mining
31:30 Guard Tower
31:53 Fortified Wall
32:44 Scale Barding Armor
32:50 Forging
32:31 Fletching
32:08 Cavalier
34:10 Stone Shaft Mining
34:13 Conscription
34:48 Heavy Plow
35:02 Bow Saw
35:15 Chain Barding Armor
35:30 Iron Casting
34:51 Bodkin Arrow
36:05 Ballistics
36:21 Keep
36:47 Chemistry
35:53 Siege Engineers
36:31 Keep
36:16 Ballistics
36:07 Masonry
39:00 Town Patrol
41:02 Bombard Tower
40:29 Arrowslits
41:50 Blast Furnace
41:30 Plate Barding Armor
41:57 Block Printing
42:58 Crenellations
43:17 Hoardings
44:05 Cavalier
46:43 Blast Furnace
46:20 Sanctity
46:05 Devotion
47:58 Padded Archer Armor
48:02 Scale Mail Armor
47:39 Onager
50:43 Pikeman
51:24 Squires
51:50 Halberdier
51:54 Crossbowman
54:06 Chain Mail Armor
55:21 Elite Teutonic Knight
59:59 Illumination
59:54 Redemption
60:47 Plate Mail Armor
65:02 Guilds
78:22 Arson
97:31 Paladin
and0608
9:59 Feudal Age
10:47 Double-Bit Axe
16:55 Castle Age
14:56 Horse Collar
15:19 Loom
16:44 Padded Archer Armor
16:40 Fletching
16:59 Gold Mining
18:37 Bow Saw
19:20 Gold Shaft Mining
19:12 Heavy Plow
23:53 Leather Archer Armor
23:15 Crossbowman
25:01 Thumb Ring
24:53 Bodkin Arrow
25:24 Squires
24:48 Pikeman
26:25 Scale Mail Armor
26:36 Forging
27:47 Chain Mail Armor
28:03 Stone Mining
28:58 Town Watch
31:47 Imperial Age
29:06 Town Watch
29:08 Loom
30:17 Wheelbarrow
32:20 Iron Casting
31:42 Elite Skirmisher
32:23 Murder Holes
33:29 Chemistry
33:03 Ring Archer Armor
33:26 Bracer
34:06 Plate Mail Armor
34:36 Blast Furnace
33:30 Arson
34:51 Crop Rotation
33:55 Arbalester
35:12 Conscription
34:55 Andean Sling
37:15 Town Patrol
37:31 Hand Cart
37:01 Capped Ram
37:06 Onager
38:59 Stone Shaft Mining
38:39 Fabric Shields
39:18 Hoardings
39:00 Fabric Shields
39:20 Halberdier
39:21 Champi Runner
42:41 Elite Kamayuk
42:47 Siege Ram
42:48 Heavy Scorpion
42:53 Champi Warrior
43:51 Elite Champi Warrior
Connection lost

Rejoining the realm…

Still unreachable

The connection could not be restored.

Session expired

The server has moved on; the page needs a fresh start.